 Dungeon Crawl Stone Soup version 0.28-a0-317-g21599a725c (webtiles) character file.

Game seed: 12549071411692793830

8 Colgate the Magician (level 2, 15/15 HPs)
             Began as a Tengu Hedge Wizard on Aug 31, 2021.
             Quit the game on level 1 of the Dungeon on Sept 1, 2021.
             The game lasted 00:04:08 (397 turns).

Colgate the Magician (Tengu Hedge Wizard)            Turns: 397, Time: 00:04:08

Health: 15/15      AC:  2    Str: 10    XL:     2   Next: 8%
Magic:  7/7        EV: 16    Int: 14    God:
Gold:   15         SH:  0    Dex: 13    Spells: 7/8 levels left

rFire   . . .      SeeInvis .   a - +0 dagger
rCold   . . .      Faith    .   (no shield)
rNeg    . . .      Spirit   .   b - +0 robe
rPois   .          Reflect  .   c - +0 hat
rElec   .          Harm     .   (no cloak)
rCorr   .          Rampage  .   (no gloves)
Will    .....                   (boots unavailable)
Stlth   ++........              (no amulet)
HPRegen 0.05/turn               d - +4 ring of evasion
MPRegen 0.10/turn               (no ring)

@: no status effects
A: beak, talons 3
a: no special abilities


You were on level 1 of the Dungeon.
You visited 1 branch of the dungeon, and saw 1 of its levels.

You collected 15 gold pieces.

Inventory:

Hand Weapons
 a - a +0 dagger (weapon)
Armour
 b - a +0 robe (worn)
 c - a +0 hat (worn)
Jewellery
 d - a +4 ring of evasion (left hand)


   Skills:
 - Level 2.1 Dodging
 - Level 2.0 Stealth
 + Level 3.5 Spellcasting
 - Level 1.3 Conjurations
 - Level 1.2 Summonings
 - Level 0.7 Translocations


You had 7 spell levels left.
You knew the following spells:

 Your Spells              Type           Power      Damage    Failure   Level
a - Magic Dart            Conj           24%        1d4       12%         1

Your spell library contained the following spells:

 Spells                   Type           Power      Damage    Failure   Level
 Call Imp                 Summ           5%         N/A       19%         2
 Blink                    Tloc           N/A        N/A       22%         2
 Slow                     Hex            2%         N/A       30%         2
 Conjure Flame            Conj/Fire      4%         6-21      43%         3
 Mephitic Cloud           Conj/Pois/Air  3%         N/A       45%         3


Dungeon Overview and Level Annotations

Branches:
Dungeon (1/15)

Altars:


Innate Abilities, Weirdness & Mutations

You have a beak for a mouth.
You have claws for feet.


Message History

Things that are here:
a +0 club; a kobold skeleton
Things that are here:
a jackal corpse; a jackal skeleton
Things that are here:
a +0 club; a goblin corpse
Things that are here:
a +0 club; a kobold skeleton
Things that are here:
a jackal corpse; a jackal skeleton
Things that are here:
a +0 club; a goblin corpse
Things that are here:
a +0 club; a kobold skeleton
Things that are here:
a jackal skeleton; a jackal skeleton
Things that are here:
a +0 club; a goblin corpse
Things that are here:
a +0 club; a kobold skeleton
Things that are here:
a jackal skeleton; a jackal skeleton
Things that are here:
a +0 club; a goblin corpse
Things that are here:
a +0 club; a kobold skeleton
Things that are here:
a jackal skeleton; a jackal skeleton
Things that are here:
a +0 club; a goblin corpse
Things that are here:
a +0 club; a kobold skeleton
Things that are here:
a jackal skeleton; a jackal skeleton
Things that are here:
a +0 club; a goblin corpse
Things that are here:
a +0 club; a kobold skeleton
Okay, then.
Are you sure you want to abandon this character and quit the game? (Confirm with "yes".)

#. ..#..... #
#.##......##.
##.#..##.....
######.#...#!.#..#
##.#...#..#.†.#...#
###.#÷###.##....#g# .
#..##.#.#...##...##..
##..##)##.##g...#....
#<.#@)#.##...#.......
#####################


There were no monsters in sight!

Vanquished Creatures
  A giant cockroach (D:1)
  A goblin (D:1)
  A hobgoblin (D:1)
  2 jackals (D:1)
  A kobold (D:1)
6 creatures vanquished.

Notes
Turn   | Place    | Note
-------+----------+-------------------------------------------
     0 | D:1      | Colgate the Tengu Hedge Wizard began the quest for the Orb.
     0 | D:1      | Reached XP level 1. HP: 10/10 MP: 5/5
     0 | D:1      | Upgraded the game from 0.28-a0-312-gbced6e68ee to
                  | 0.28-a0-317-g21599a725c
   147 | D:1      | Reached XP level 2. HP: 6/15 MP: 2/7
   397 | D:1      | Quit the game

Illustrated notes

Levels and vault maps discovered:
D:1:      erik_arrival_cave_to_civilisation [erik_arrival_cave_to_hall],
          layout_loops_ring, basic_ecumenical_altar

Action                   || total
-------------------------++-------
Melee: Dagger            ||     7
       Kick              ||     2
       Peck              ||     1
 Cast: Magic Dart        ||    11
Dodge: Dodged            ||    11

Table legend: (Time is in decaauts)
 A = Elapsed time spent in this place.
 B = Non-inter-level travel time spent in this place.
 C = Inter-level travel time spent in this place.
 D = Time resting spent in this place.
 E = Time spent auto-exploring this place.
 F = Levels seen in this place.
 G = Mean time per level.
                   A        B        C        D        E       F      G
               +--------+--------+--------+--------+--------+-----+--------+
         Total |    396 |    396 |      0 |     41 |     37 |   1 |  396.0 |
       Dungeon |    396 |    396 |      0 |     41 |     37 |   1 |  396.0 |
               +--------+--------+--------+--------+--------+-----+--------+

Top non-repeatable levels by time:
     D:1: 396 daAuts
